 Dungeon Crawl Stone Soup version 0.20.1-1-g8b1a95d (webtiles) character file.

2086 vatarom the Skirmisher (level 9, -3/72 HPs)
             Began as a Demonspawn Gladiator on Sept 16, 2017.
             Succumbed to Chisa's ghost's poison
             ... on level 7 of the Dungeon.
             The game lasted 00:09:06 (5855 turns).

vatarom the Skirmisher (Demonspawn Gladiator)       Turns: 5855, Time: 00:09:07

Health: -3/72      AC: 11    Str: 21    XL:     9   Next: 6%
Magic:  9/9        EV: 21    Int:  9    God:
Gold:   323        SH:  0    Dex: 17    Spells: 8/8 levels left

rFire    . . .     SeeInvis .   a - +1 long sword
rCold    + . .     Gourm    .   (no shield)
rNeg     . . .     Faith    .   b - +0 leather armour
rPois    .         Spirit   .   c - +1 helmet
rElec    .         Reflect  .   (no cloak)
rCorr    .         Harm     .   (no gloves)
MR       .....                  (no boots)
Stlth    +.........             (no amulet)
Regen    0.3/turn               j - +6 ring of evasion
MPRegen  0.2/turn               (no ring)

@: confused, mighty, lethally poisoned (-3 -> -49), sanguine armour, berserk
cooldown, slowed, very slow
A: cold resistance 1, spiny 1, freezing cloud immunity, sanguine armour 1
a: no special abilities


You were on level 7 of the Dungeon.
You were not hungry.

You visited 1 branch of the dungeon, and saw 7 of its levels.

You collected 323 gold pieces.

Inventory:

Hand Weapons
 a - a +1 long sword (weapon)
Missiles
 d - 4 throwing nets (quivered)
Armour
 b - a +0 leather armour (worn)
 c - a +1 helmet (worn)
 w - a +1 chain mail of cold resistance
Jewellery
 j - a +6 ring of evasion (left hand)
Wands
 l - a wand of polymorph (13/24)
 p - a wand of polymorph (13/24)
 s - a wand of confusion (16/48)
 u - a wand of iceblast (12/15)
Scrolls
 i - a scroll of recharging {unknown}
 m - 2 scrolls of identify
 o - 3 scrolls of enchant armour
 v - a scroll of remove curse
Potions
 e - a potion of might
 h - a potion of berserk rage
 n - 2 potions of agility
Comestibles
 f - 8 bread rations
 g - 2 fruits
 k - 3 royal jellies
 r - 3 meat rations


   Skills:
 + Level 7.4 Fighting
 - Level 7.0 Long Blades
 - Level 1.7 Throwing
 - Level 3.8 Armour
 + Level 5.0 Dodging


You had 8 spell levels left.
You didn't know any spells.

Dungeon Overview and Level Annotations

Branches:
Dungeon (7/15)
 Temple: D:4-7

Altars:
Ashenzari
Gozag
Hepliaklqana
Makhleb
Nemelex Xobeh
Okawaru
Trog
Uskayaw
Xom

Shops:
D:4 [

Annotations:
D:7 Chisa's ghost, novice DrCj


Innate Abilities, Weirdness & Mutations

Your flesh is cold resistant. (rC+)
You are partially covered in sharp spines.
You are immune to freezing clouds.
When seriously injured, your bleeding wounds create armour. (AC +6)


Message History

You're still recovering from your berserk rage.
You feel very mighty all of a sudden.
* * * LOW HITPOINT WARNING * * *
You feel very sick.
Chisa's ghost makes a sound of rattling chains.
Chisa's ghost hits you but does no damage.
You are more poisoned.
Chisa's ghost hits you.
* * * LOW HITPOINT WARNING * * *
You are more poisoned.
* * * LOW HITPOINT WARNING * * *
You feel extremely sick. Chisa's ghost casts a spell at you.
The magic dart hits you!
* * * LOW HITPOINT WARNING * * *
Unknown command.
Okay, then.
You're too confused!
Unknown command.
You die...

.........#
.........#
.........#####
.........#...####
###........_....##
###......_..._...#.
...................
........_..8.._....
.........@..W......
........._..._.....
..........._.......
........#..........
........#..........
######+###...####.#
#...# # .....


You could see Chisa's ghost.

Vanquished Creatures
  Pikel (D:3)
  Menkaure (D:7)
  Edmund (D:3)
  Duvessa (D:4)
  A sky beast (D:5)
  2 black bears
  A necrophage (D:6)
  2 phantoms (D:5)
  A bullfrog (D:6)
  Dowan (D:4)
  2 crimson imps
  2 hounds (D:5)
  A jelly (D:5)
  2 orc wizards
  A gnoll shaman (D:6)
  Ijyb (D:5)
  An iguana (D:4)
  A worker ant (D:6)
  The ghost of Ymberti the Firebug, a weakling DEFE (D:3)
  A hound skeleton (D:4)
  6 gnolls
  10 adders
  2 oozes
  An adder zombie (D:6)
  3 worms
  4 dart slugs
  14 orcs
  5 giant cockroaches
  13 goblins
  9 hobgoblins
  6 jackals
  5 quokkas
  A ball python (D:4)
  12 bats
  4 frilled lizards
  13 kobolds
  A leopard gecko skeleton (D:5)
  10 rats
144 creatures vanquished.

Vanquished Creatures (others)
  A bullfrog zombie (D:6)
  A worker ant (D:6)
  A hound skeleton (D:4)
3 creatures vanquished.

Grand Total: 147 creatures vanquished

Notes
Turn   | Place    | Note
-------+----------+-------------------------------------------
     0 | D:1      | vatarom the Demonspawn Gladiator began the quest for the Orb.
     0 | D:1      | Reached XP level 1. HP: 16/16 MP: 1/1
   251 | D:1      | Gained mutation: Your flesh is cold resistant. (rC+) [demonic ancestry]
   251 | D:1      | Reached XP level 2. HP: 16/22 MP: 2/2
   687 | D:1      | Found a sparkling altar of Nemelex Xobeh.
   696 | D:1      | Reached XP level 3. HP: 26/28 MP: 3/3
  1751 | D:2      | Gained mutation: When seriously injured, your bleeding wounds create armour. (AC +6) [demonic ancestry]
  1751 | D:2      | Reached XP level 4. HP: 30/35 MP: 4/4
  2793 | D:3      | Gained mutation: You are immune to freezing clouds. [demonic ancestry]
  2793 | D:3      | Reached XP level 5. HP: 28/42 MP: 5/5
  3129 | D:3      | Noticed Ymberti's ghost (weakling DEFE)
  3135 | D:3      | Killed Ymberti's ghost
  3386 | D:4      | Noticed Edmund
  3418 | D:3      | Killed Edmund
  3418 | D:3      | Reached skill level 5 in Long Blades
  3418 | D:3      | Gained mutation: You are partially covered in sharp spines. [demonic ancestry]
  3418 | D:3      | Reached XP level 6. HP: 16/48 MP: 6/6
  3832 | D:4      | Noticed a slave
  3834 | D:4      | Noticed a slave
  3835 | D:4      | Noticed a slave
  3836 | D:4      | Noticed Pikel
  3836 | D:4      | Noticed a slave
  3866 | D:3      | Killed Pikel
  3866 | D:3      | Reached skill level 5 in Fighting
  3866 | D:3      | Reached XP level 7. HP: 34/57 MP: 7/7
  3955 | D:4      | Noticed Dowan
  3960 | D:4      | Noticed Duvessa
  3973 | D:4      | Killed Duvessa
  3973 | D:4      | Reached skill level 1 in Armour
  3973 | D:4      | Reached XP level 8. HP: 36/64 MP: 8/8
  3988 | D:4      | Found Comisch's Antique Armour Emporium.
  3990 | D:4      | Killed Dowan
  4270 | D:5      | Entered Level 5 of the Dungeon
  4547 | D:5      | Found a sparkling altar of Nemelex Xobeh.
  4563 | D:5      | Noticed Ijyb
  4574 | D:5      | Killed Ijyb
  5698 | D:6      | Reached XP level 9. HP: 72/72 MP: 9/9
  5819 | D:7      | Found a shattered altar of Ashenzari.
  5821 | D:7      | Found an opulent altar of Gozag.
  5823 | D:7      | Found an iron altar of Okawaru.
  5823 | D:7      | Found a shimmering altar of Xom.
  5824 | D:7      | Found a hide-covered altar of Uskayaw.
  5824 | D:7      | Found a bloodstained altar of Trog.
  5824 | D:7      | Found a hazy altar of Hepliaklqana.
  5824 | D:7      | Found a burning altar of Makhleb.
  5825 | D:7      | Noticed Menkaure
  5832 | D:7      | Killed Menkaure
  5832 | D:7      | Reached skill level 5 in Dodging
  5833 | D:7      | Noticed Chisa's ghost (novice DrCj)
  5854 | D:7      | HP: 2/72 [Chisa's ghost/magic dart (8)]
  5855 | D:7      | Succumbed to Chisa's ghost's poison

Skill      XL: |  1  2  3  4  5  6  7  8  9 |
---------------+----------------------------+-----
Long Blades    | 3 4 5 7 |  7.0
Fighting       | 3 4 5 7 |  7.4
Armour         | 1 3 |  3.8
Dodging        | 4 5 |  5.0
Throwing       | |  1.7

Action                   |  1- 3 |  4- 6 |  7- 9 || total
-------------------------+-------+-------+-------++-------
Melee: Long sword        |   108 |   186 |   129 ||   423
Throw: Throwing net      |       |     1 |       ||     1
  Use: Scroll            |     3 |     1 |    10 ||    14
       Potion            |     1 |       |     5 ||     6
 Stab: Sleeping          |       |     3 |     1 ||     4
  Eat: Chunk             |     3 |     6 |     3 ||    12
       Fruit             |       |     1 |       ||     1
       Bread ration      |       |       |     1 ||     1
Armor: Leather armour    |    32 |    36 |    24 ||    92
Dodge: Dodged            |   103 |   172 |   102 ||   377
       Rpst.: Long sword |    28 |    66 |    27 ||   121
